 Dungeon Crawl Stone Soup version 0.21.0-3-g78d12a8 (webtiles) character file.

30 oplop the Chiller (level 3, 0/33 HPs)
             Began as an Octopode Ice Elementalist on Jan 12, 2018.
             Succumbed to an adder's poison
             ... on level 2 of the Dungeon.
             The game lasted 00:02:16 (725 turns).

oplop the Chiller (Octopode Ice Elementalist)        Turns: 725, Time: 00:02:17

Health: 0/33       AC: 21    Str:  7    XL:     3   Next: 18%
Magic:  2/6        EV:  2    Int: 17    God:
Gold:   14         SH:  0    Dex: 13    Spells: 5/6 levels left

rFire    . . .     SeeInvis .   (no weapon)
rCold    . . .     Gourm    .   (no shield)
rNeg     + + +     Faith    .   (helmet currently unavailable)
rPois    +         Spirit   .   (no amulet)
rElec    .         Reflect  .   (no ring)
rCorr    .         Harm     .   (no ring)
MR       .....     NoTele   +   (no ring)
Stlth    ++........             (no ring)
HPRegen  0.11/turn              (no ring)
MPRegen  0.10/turn              (no ring)
                                (no ring)
                                (no ring)

@: lethally poisoned (0 -> -6), tree-form
A: almost no armour, stealthy swim, (amphibious), 8 rings, (constrict 8)
a: no special abilities


You were on level 2 of the Dungeon.
You were not hungry.
You were a tree.
You visited 1 branch of the dungeon, and saw 2 of its levels.

You collected 14 gold pieces.

Inventory:

Jewellery
 e - an uncursed amulet of faith {unknown}
 g - an uncursed amulet of the gourmand {unknown}
Scrolls
 f - a scroll of magic mapping {unknown}
Potions
 c - a potion of lignification
 d - a potion of resistance {unknown}
Books
 a - a book of Frost

   Spells                             Type                      Level
   a - Freeze                         Ice                          1
   b - Throw Frost                    Conjuration/Ice              2
   c - Ozocubu's Armour               Charms/Ice                   3
   d - Throw Icicle                   Conjuration/Ice              4
   e - Summon Ice Beast               Ice/Summoning                4
Comestibles
 b - a ration


   Skills:
 * Level 0.9 Fighting
 + Level 2.2 Dodging
 - Level 2.6 Stealth
 + Level 0.4 Unarmed Combat
 * Level 2.1 Spellcasting
   Level 1.0 Conjurations
 * Level 3.6 Ice Magic


You had 5 spell levels left.
You knew the following spells:

 Your Spells              Type           Power        Failure   Level  Hunger
a - Freeze                Ice            ##..         4%          1    #......


Dungeon Overview and Level Annotations

Branches:
Dungeon (2/15)

Altars:


Innate Abilities, Weirdness & Mutations

You cannot wear most types of armour.
You are very stealthy in the water. (Stealth+)
((You are amphibious.))
You can wear up to eight rings at the same time.
((You can use your tentacles to constrict eight enemies at once.))
((Your skin changes colour to match your surroundings (Stealth+).))
((Your rubbery body absorbs attacks. (AC +1, EV +1)))


Message History

Aim: an adder (moderately wounded)
You freeze the adder.
The adder seems to slow down.
The adder is almost dead.
* * * LOW HITPOINT WARNING * * *
You feel sick. The adder bites you.
* * * LOW HITPOINT WARNING * * *
Casting: Freeze
Confirm with . or Enter, or press ? or * to list all spells.
Aiming: Freeze
Press: ? - help, Shift-Dir - straight line, f/p - adder
Aim: an adder (almost dead, slow)
You freeze the adder.
You kill the adder!
You have reached level 3!
Your experience leads to an increase in your attributes!
Increase (S)trength, (I)ntelligence, or (D)exterity?
You feel agile.
It was a potion of lignification.
You turn into a tree.
Your roots penetrate the ground.
You die...

<# #.# #.# #.# #
#.#.#
####+########.#.#
......†.......>.#
#...♣......# #
#......#####.#.#
############.#.#
......†.......#
###########.###
#########<##.###
#.........#....#
#............#.#
############.#.#


There were no monsters in sight!

Vanquished Creatures
  An adder (D:2)
  A leopard gecko (D:1)
  A ball python (D:2)
  4 bats (D:1)
  3 goblins (D:1)
  A hobgoblin (D:1)
  2 kobolds (D:1)
  3 frilled lizards (D:1)
  4 rats (D:1)
20 creatures vanquished.

Notes
Turn   | Place    | Note
-------+----------+-------------------------------------------
     0 | D:1      | oplop the Octopode Ice Elementalist began the quest for the Orb.
     0 | D:1      | Reached XP level 1. HP: 11/11 MP: 3/3
   172 | D:1      | Reached XP level 2. HP: 12/17 MP: 1/5
   724 | D:2      | Reached XP level 3. HP: 1/22 MP: 2/6
   725 | D:2      | Succumbed to an adder's poison

Action                   || total
-------------------------++-------
Melee: Unarmed           ||    35
       Constrict         ||    12
       Tentacles         ||     4
 Cast: Freeze            ||    11
  Use: Potion            ||     1
 Stab: Sleeping          ||     8
Armor: Skin              ||     5
Dodge: Dodged            ||    24
